 Dungeon Crawl Stone Soup version 0.30-a0-4-ga7cffc901d (webtiles) character file.

Game seed: 9184843748516415965

65 Setbun the Sneak (level 4, 0/25 HPs)
             Began as a Kobold Enchanter on Aug 20, 2022.
             Slain by an adder (2 damage)
             ... on level 3 of the Dungeon.
             The game lasted 00:01:36 (2451 turns).

Setbun the Sneak (Kobold Enchanter)                 Turns: 2451, Time: 00:01:37

Health: 0/25       AC:  2    Str:  5    XL:     4   Next: 35%
Magic:  7/7        EV: 15    Int: 16    God:
Gold:   141        SH:  0    Dex: 17    Spells: 7/7 levels left

rFire   . . .      SeeInvis .    a - +1 dagger
rCold   . . .      Faith    .    (no shield)
rNeg    . . .      Spirit   .    b - +0 robe
rPois   .          Reflect  .    (no helmet)
rElec   .          Harm     .    (no cloak)
rCorr   .          Rampage  .    (no gloves)
Will    .....                    (no boots)
Stlth   ++++......               (no amulet)
HPRegen 0.08/turn                (no ring)
MPRegen 0.10/turn                (no ring)

@: no status effects
A: small, no large weapons, nightstalker 3
a: no special abilities


You were on level 3 of the Dungeon.
You visited 1 branch of the dungeon, and saw 3 of its levels.

You collected 141 gold pieces.

Inventory:

Hand Weapons
 a - a +1 dagger (weapon)
Armour
 b - a +0 robe (worn)
Jewellery
 g - an amulet of reflection
 i - a ring of flight
Scrolls
 d - 3 scrolls of summoning {unknown}
 e - a scroll of enchant weapon {unknown}
 f - a scroll of teleportation {unknown}
 j - a scroll of enchant armour {unknown}
Potions
 c - 2 potions of invisibility
 h - 2 potions of berserk rage {unknown}


   Skills:
 + Level 1.4 Fighting
 + Level 2.6 Short Blades
 + Level 3.1 Dodging
 * Level 5.3 Stealth
 - Level 2.1 Spellcasting
 - Level 3.0 Hexes


You had 7 spell levels left.
You didn't know any spells.
Your spell library contained the following spells:

 Spells                   Type           Power      Damage    Failure   Level
 Ensorcelled Hibernation  Hex/Ice        12%        N/A       17%         2
 Confusing Touch          Hex            11%        N/A       19%         3
 Tukima's Dance           Hex            11%        N/A       19%         3
 Dazzling Flash           Conj/Hex       12%        N/A       32%         3


Dungeon Overview and Level Annotations

Branches:
Dungeon (3/15)

Altars:

Shops:
D:2 (

Annotations:
D:3 Grinder


Innate Abilities, Weirdness & Mutations

You are small and have problems with some larger weapons.
You are completely attuned to the shadows.


Message History

You hit the orc wizard.
The orc wizard is lightly wounded.
The orc wizard barely misses you.
Grinder comes into view.
The orc hits you with a +0 whip.
Grinder shouts!
You hit the orc wizard.
The orc wizard is moderately wounded.
You hear a shout!
The orc wizard hits you with a +0 dagger.
The orc hits you with a +0 whip.
You are too injured to fight recklessly!
You are too injured to fight recklessly!
You are too injured to fight recklessly!
You are too injured to fight recklessly!
You are too injured to fight recklessly!
You are too injured to fight recklessly!
You are too injured to fight recklessly!
You are too injured to fight recklessly!
You are too injured to fight recklessly!
You are too injured to fight recklessly!
You are too injured to fight recklessly!
You are too injured to fight recklessly!
You are too injured to fight recklessly!
You are too injured to fight recklessly!
The orc wizard gestures wildly while chanting.
The orc wizard flickers and vanishes!
Deactivating autopickup; reactivate with Ctrl-A.
You see here a dark potion.
Grinder blinks!
The orc attacks as you move away! The orc hits you with a +0 whip.
* * * LOW HITPOINT WARNING * * *
You see here a frilled lizard corpse.
The orc attacks as you move away! The orc hits you with a +0 whip.
* * * LOW HITPOINT WARNING * * *
An adder comes into view.
The adder hisses angrily.
The adder moves out of view.
The adder bites you.
You die...

.......# ........#
........# #...#.##
###...So.##
....<.@#..##
....#..##..#
..#.#..###.######.
. #.####..........
#. #+#....##
..###†# ... #.## .
.. #..# . ##.## .


You could see an adder and an orc.

Vanquished Creatures
  2 worms (D:2)
  2 dart slugs
  An orc (D:3)
  6 ball pythons
  A bat (D:1)
  7 endoplasms
  5 giant cockroaches
  2 hobgoblins (D:1)
  4 jackals (D:2)
  4 kobolds
  4 quokkas
  A frilled lizard (D:3)
  3 goblins (D:2)
  3 rats
45 creatures vanquished.

Notes
Turn   | Place    | Note
-------+----------+-------------------------------------------
     0 | D:1      | Setbun the Kobold Enchanter began the quest for the Orb.
     0 | D:1      | Reached XP level 1. HP: 10/10 MP: 3/3
   206 | D:1      | Reached XP level 2. HP: 16/16 MP: 5/5
   802 | D:1      | Reached XP level 3. HP: 20/20 MP: 6/6
   899 | D:1      | Reached skill level 1 in Fighting
  1304 | D:2      | Found a faded altar of an unknown god.
  1443 | D:2      | Reached skill level 5 in Stealth
  1738 | D:2      | Reached XP level 4. HP: 23/25 MP: 7/7
  1788 | D:2      | Found Mycvahui's Weapon Shoppe.
  2433 | D:3      | Noticed Grinder
  2451 | D:3      | Slain by an adder

Illustrated notes

Levels and vault maps discovered:
D:1:      dpeg_arrival_prison, layout_basic
D:2:      layout_rooms, ebering_ecumenical_altar_webs, serial_shops,
          nicolae_shop_trees
D:3:      layout_basic, grunt_decor_mini_mirrors, uniq_terence, uniq_ijyb,
          uniq_sigmund, uniq_grinder

Skill      XL: |  1  2  3 |
---------------+----------+-----
Short Blades   | 2 |  2.6
Fighting       | 1 |  1.4
Stealth        | 5 |  5.3
Dodging        | 3 |  3.1
Spellcasting   | |  2.1
Hexes          | |  3.0

Action                   |  1- 3 |  4- 6 || total
-------------------------+-------+-------++-------
Melee: Dagger            |    71 |    41 ||   112
 Stab: Sleeping          |    22 |     4 ||    26
Armor: Robe              |     4 |     3 ||     7
Dodge: Dodged            |    42 |    21 ||    63

Table legend: (Time is in decaauts)
 A = Elapsed time spent in this place.
 B = Non-inter-level travel time spent in this place.
 C = Inter-level travel time spent in this place.
 D = Time resting spent in this place.
 E = Time spent auto-exploring this place.
 F = Levels seen in this place.
 G = Mean time per level.
                   A        B        C        D        E       F      G
               +--------+--------+--------+--------+--------+-----+--------+
         Total |   2438 |   2404 |     34 |    141 |   1982 |   3 |  812.7 |
       Dungeon |   2438 |   2404 |     34 |    141 |   1982 |   3 |  812.7 |
               +--------+--------+--------+--------+--------+-----+--------+

Top non-repeatable levels by time:
     D:1: 1265 daAuts
     D:2: 1125 daAuts
     D:3: 47 daAuts
